 Dungeon Crawl Stone Soup version 0.23-a0-703-gdf2d5e0 (webtiles) character file.

280 Kloufe the Chopper (level 6, -2/53 HPs)
             Began as a Minotaur Fighter on Jan 13, 2019.
             Slain by Sigmund
             ... wielding a +2 scythe of distortion
              (6 damage)
             ... on level 3 of the Dungeon.
             The game lasted 00:08:24 (1810 turns).

Kloufe the Chopper (Minotaur Fighter)               Turns: 1810, Time: 00:08:24

Health: -2/53      AC:  9    Str: 22    XL:     6   Next: 5%
Magic:  5/5        EV:  6    Int: 10    God:
Gold:   115        SH:  0    Dex: 10    Spells: 5/5 levels left

rFire    . . .     SeeInvis .   a - +0 war axe
rCold    . . .     Gourm    .   c - +0 shield
rNeg     . . .     Faith    .   j - +0 chain mail
rPois    .         Spirit   .   (helmet restricted)
rElec    .         Reflect  .   (no cloak)
rCorr    .         Harm     .   (no gloves)
MR       .....                  (no boots)
Stlth    ..........             (no amulet)
HPRegen  0.17/turn              (no ring)
MPRegen  0.09/turn              (no ring)

@: confused, brilliant
A: retaliatory headbutt, horns 2
a: no special abilities


You were on level 3 of the Dungeon.
You were not hungry.

You visited 1 branch of the dungeon, and saw 3 of its levels.

You collected 115 gold pieces.

Inventory:

Hand Weapons
 a - a +0 war axe (weapon)
Armour
 c - a +0 shield (worn)
 j - a +0 chain mail (worn)
Jewellery
 g - an uncursed ring of protection from fire
 m - an uncursed amulet of the acrobat
 n - an uncursed ring of magical power {unknown}
Wands
 q - a wand of disintegration (8)
Scrolls
 b - 2 scrolls of teleportation
 h - a scroll of amnesia
 i - a scroll of enchant weapon {unknown}
 l - a scroll of remove curse
 o - a scroll of random uselessness {unknown}
 r - a scroll of magic mapping {unknown}
Potions
 d - 3 potions of might
 e - a potion of brilliance
 k - a potion of ambrosia {unknown}
 p - a potion of flight {unknown}
Comestibles
 f - 4 rations


   Skills:
 + Level 4.6 Fighting
 + Level 5.2 Axes
 + Level 5.0 Armour
 + Level 0.9 Dodging
 + Level 4.7 Shields


You had 5 spell levels left.
You didn't know any spells.
Your spell library was empty.

Dungeon Overview and Level Annotations

Branches:
Dungeon (3/15)

Altars:

Annotations:
D:3 Sigmund


Innate Abilities, Weirdness & Mutations

You reflexively headbutt those who attack you in melee.
You have a pair of horns on your head.


Message History

You see here a ration.
You barely miss something. Something hits you!
You blink.
Something tries to affect you, but you resist.
Something hits you but does no damage. Space warps horribly around you!
* * * LOW HITPOINT WARNING * * *
Something completely misses you.
You closely miss something. You headbutt something.
You hear some strange, mumbled words.
You are confused.
You slash something! Something hits you.
* * * LOW HITPOINT WARNING * * *
Space bends around you.
* * * LOW HITPOINT WARNING * * *
You miss something. Your headbutt misses something.
You hear some strange, mumbled words.
Something tries to affect you, but you resist.
It was a potion of brilliance.
You feel clever all of a sudden. Something hits you.
You die...

#.#.##.. #....... #.#..#.)
#....... #.#..#.# #.#..#.#
#......# ######## ##...#..
#...%{@# #...#..
#####.####.###### ###.(....
#........#......###......†#
#.###.##......#............
#.# #.####..#...........†.#
#.# #.# #..###..#.......##
#.# #............#.#.....#
##.##############.#.#.###.#
##.#.## #.#....##.#


There were no monsters in sight!

Vanquished Creatures
  An orc priest (D:3)
  An orc wizard (D:3)
  Terence (D:2)
  10 adders
  A shadow imp (D:3)
  2 oozes
  A worm (D:3)
  A dart slug (D:1)
  3 leopard geckos
  6 orcs (D:3)
  8 bats
  2 giant cockroaches
  9 goblins
  9 hobgoblins
  A quokka (D:2)
  2 ball pythons
  12 frilled lizards
  12 kobolds
  15 rats
97 creatures vanquished.

Notes
Turn   | Place    | Note
-------+----------+-------------------------------------------
     0 | D:1      | Kloufe the Minotaur Fighter began the quest for the Orb.
     0 | D:1      | Reached XP level 1. HP: 19/19 MP: 0/0
   131 | D:1      | Reached XP level 2. HP: 24/27 MP: 1/1
   386 | D:1      | Reached XP level 3. HP: 30/33 MP: 2/2
   775 | D:2      | Noticed Terence
   785 | D:2      | Killed Terence
   787 | D:2      | Reached XP level 4. HP: 37/40 MP: 3/3
  1273 | D:3      | Reached XP level 5. HP: 33/46 MP: 4/4
  1571 | D:3      | Reached skill level 5 in Axes
  1571 | D:3      | Reached skill level 5 in Armour
  1603 | D:3      | Reached XP level 6. HP: 37/53 MP: 5/5
  1782 | D:3      | Noticed Sigmund
  1810 | D:3      | Slain by Sigmund

Vault maps used:
D:1:      dpeg_arrival_oval, minmay_pentomino_u2
D:2:      minmay_randomly_rotated_circles, uniq_terence
D:3:      first_ration, grunt_ministairs_1, minmay_lizard_king, uniq_sigmund

Skill      XL: |  1  2  3  4  5 |
---------------+----------------+-----
Fighting       | 4 |  4.6
Axes           | 3 4 5 |  5.2
Armour         | 4 5 |  5.0
Shields        | 4 |  4.7
Dodging        | |  0.9

Action                   |  1- 3 |  4- 6 || total
-------------------------+-------+-------++-------
Melee: War axe           |    57 |   156 ||   213
       Headbutt          |     9 |    26 ||    35
  Use: Scroll            |       |     5 ||     5
       Potion            |       |     1 ||     1
  Eat: Ration            |       |     1 ||     1
       Chunk             |       |     1 ||     1
Armor: Scale mail        |     7 |       ||     7
       Chain mail        |    22 |    92 ||   114
Dodge: Dodged            |    10 |    40 ||    50
Block: Shield            |    34 |    78 ||   112

Table legend:
 A = Non-vault XP
 B = Vault XP
 C = Vault XP percentage of total XP
 D = Non-vault monster count
 E = Vault monster count
 F = Vault count percentage of total count
                 A         B        C        D         E       F
            +---------+---------+-------+---------+---------+-------
      Total |     228 |     172 |  43.0 |      73 |      24 |  24.7
            +---------+---------+-------+---------+---------+-------
        D:1 |      41 |       4 |   8.9 |      22 |       2 |   8.3
        D:2 |      75 |      63 |  45.7 |      23 |       7 |  23.3
        D:3 |     112 |     105 |  48.4 |      28 |      15 |  34.9
            +---------+---------+-------+---------+---------+-------
